 Dungeon Crawl Stone Soup version 0.17-a0-1775-g10da671 (webtiles) character file.

65 Rationalist the Shield-Bearer (level 4, -4/37 HPs)
             Began as a Formicid Fighter on Sept 8, 2015.
             Slain by Sigmund
             ... wielding a +0 scythe
              (11 damage)
             ... on level 2 of the Dungeon.
             The game lasted 00:02:16 (1085 turns).

Rationalist the Shield-Bearer (Formicid Fighter)    Turns: 1085, Time: 00:02:16

Health: -4/37      AC:  3    Str: 21    XL:     4   Next: 35%
Magic:  4/4        EV:  9    Int:  7    God:
Gold:   29         SH:  9    Dex: 11    Spells: 0 memorised, 3 levels left

rFire  . . .     SeeInvis +     a - +0 war axe
rCold  . . .     Clarity  .     n - +0 leather armour (curse)
rNeg   . . .     SustAt   .     c - +0 shield
rPois  .         Gourm    .     (helmet unavailable)
rElec  .         Spirit   .     (no cloak)
rCorr  .         Warding  .     (no gloves)
rMut   .         Stasis   +     (no boots)
MR     .....                    (no amulet)
Stlth  +.........               (no ring)
                                (no ring)

@: not resistant to hostile enchantments, very unstealthy
A: permanent stasis, dig shafts and tunnels, four strong arms, antennae 3
a: Dig, Shaft Self


You were on level 2 of the Dungeon.
You were not hungry.

You visited 1 branch of the dungeon, and saw 2 of its levels.

You collected 29 gold pieces.

Inventory:

Hand weapons
 a - a +0 war axe (weapon)
Missiles
 p - 29 bolts
 q - 6 tomahawks of returning (quivered)
Armour
 b - a +0 scale mail
 c - a +0 shield (worn)
 n - a cursed +0 leather armour (worn)
Scrolls
 f - a scroll of teleportation {unknown}
 h - a scroll of enchant armour {unknown}
 j - a scroll of magic mapping {unknown}
 k - a scroll of enchant weapon {unknown}
 l - a scroll of remove curse {unknown}
 o - 3 scrolls of identify {unknown}
Potions
 d - a potion of might
 g - a potion of ambrosia {unknown}
 i - 2 potions of curing {unknown}
 m - 2 potions of lignification {unknown}
 r - 2 potions of heal wounds {unknown}
 t - a potion of invisibility {unknown}
Comestibles
 e - 2 bread rations


   Skills:
 + Level 3.7 Fighting
 + Level 2.7 Axes
 + Level 3.9 Armour
 + Level 0.3 Dodging
 + Level 4.3 Shields


You had 3 spell levels left.
You didn't know any spells.

Dungeon Overview and Level Annotations

Branches:
Dungeon (2/15)

Altars:
Elyvilon
Xom

Annotations:
D:2 Sigmund


Innate Abilities, Weirdness & Mutations

You are under a permanent stasis effect.
You can dig through walls and to a lower floor.
Your four strong arms can wield two-handed weapons with a shield.
You have a pair of large antennae on your head (SInv).


Message History

Sigmund points at you and mumbles some strange words.
You resist with some effort.
You closely miss Sigmund.
Sigmund is almost dead.
You block Sigmund's attack.
You barely miss Sigmund.
Sigmund is almost dead.
Sigmund casts a spell at you. The puff of flame hits you!
* * * LOW HITPOINT WARNING * * *
You closely miss Sigmund.
Sigmund is almost dead.
Sigmund closely misses you.
You hit Sigmund.
Sigmund is almost dead.
You block Sigmund's attack.
You closely miss Sigmund.
Sigmund is almost dead.
Sigmund hits you with a scythe!
You die...

.. .. ###.###
###### ##≈≈#..##
# ...... .
##≈≈#...≈##[#
..#####
#.#.≈≈..≈.♣.#.#
......#
#.^.≈.§_..#...#
#.###.#
#≈##^§@.__# #.#
#.# ###≈..≈@__##
#.###.##
#.##....≈##
.......#
#..###.###
#.###..# #......#
#.###..###.######
#.#....<...#
.......#####
#....#.# #..#...#


You could see Sigmund.

Vanquished Creatures
  2 adders (D:2)
  An ooze (D:1)
  A worm (D:2)
  A giant gecko (D:1)
  2 giant cockroaches (D:2)
  2 goblins
  2 hobgoblins
  4 jackals (D:1)
  3 bats
  5 kobolds
  18 rats
41 creatures vanquished.

Notes
Turn   | Place    | Note
--------------------------------------------------------------
     0 | D:1      | Rationalist the Formicid Fighter began the quest for the Orb.
     0 | D:1      | Reached XP level 1. HP: 18/18 MP: 1/1
    27 | D:1      | Reached XP level 2. HP: 24/24 MP: 2/2
   271 | D:1      | Reached XP level 3. HP: 26/29 MP: 3/3
   447 | D:1      | Reached skill level 4 in Shields
   739 | D:2      | Reached XP level 4. HP: 23/36 MP: 4/4
   829 | D:2      | Found a white marble altar of Elyvilon.
  1062 | D:2      | Found a shimmering altar of Xom.
  1062 | D:2      | Found a shimmering altar of Xom.
  1062 | D:2      | Found a shimmering altar of Xom.
  1062 | D:2      | Found a shimmering altar of Xom.
  1063 | D:2      | Found a shimmering altar of Xom.
  1067 | D:2      | Noticed Sigmund
  1085 | D:2      | Slain by Sigmund

Vault maps used:
D:1:      erik_arrival_orb_chamber
D:2:      lemuel_crystal_altar, small_statue_intersection, xom_redecorated,
          uniq_sigmund

Action                   |  1- 3 |  4- 6 || total
-------------------------+-------+-------++-------
Melee: War axe           |    77 |    22 ||    99
 Abil: Dig               |     1 |       ||     1
  Eat: Chunk             |       |     1 ||     1
